 Dungeon Crawl Stone Soup version 0.29.1-15-g9cfb28693d (webtiles) character file.

Game seed: 7371251645745041157

753 Heoruswealwe the Thaumaturge (level 7, -21/36 HPs)
             Began as a Deep Elf Earth Elementalist on Apr 26, 2023.
             Hit by a silver javelin thrown by a merfolk javelineer (25 damage)
             ... created by the fury of Okawaru
             ... on level 4 of the Dungeon.
             The game lasted 01:00:49 (3035 turns).

Heoruswealwe the Thaumaturge (DEEE)                 Turns: 3035, Time: 01:00:50

Health: -21/36     AC:  3    Str:  5    XL:     7   Next: 49%
Magic:  26/29      EV: 12    Int: 28    God:
Gold:   126        SH:  0    Dex: 15    Spells: 12/22 levels left

rFire   . . .      SeeInvis +   b - +8 hammer of Resourcefulness {holy, Int+6}
rCold   . . .      Faith    .   (no shield)
rNeg    . . .      Spirit   .   c - +0 robe
rPois   .          Reflect  .   (no helmet)
rElec   .          Harm     .   h - +0 cloak
rCorr   .          Rampage  .   (no gloves)
Will    .....                   (no boots)
Stlth   ++........              (no amulet)
HPRegen 0.12/turn               k - ring of see invisible
MPRegen 0.21/turn               j - ring of magical power

@: no status effects
A: no striking features
a: no special abilities


You were on level 4 of the Dungeon.
You visited 1 branch of the dungeon, and saw 4 of its levels.
You also visited: Sewer.

You collected 126 gold pieces.

Inventory:

Hand Weapons
 b - the +8 hammer of Resourcefulness (weapon) {holy, Int+6}
   (You found it on level 3 of the Dungeon)

   It has been blessed by the Shining One to cause great damage to the undead
   and demons.
   Int:       It affects your intelligence (+6).
 i - the +4 dagger of Megalomania {flame, Will+}
   (You found it on level 4 of the Dungeon)

   It burns those it strikes, dealing additional fire damage.
   Will:      It increases your willpower.
Armour
 c - a +0 robe (worn)
 h - a +0 cloak (worn)
 l - a +0 robe
Jewellery
 j - a ring of magical power (right hand)
 k - a ring of see invisible (left hand)
Wands
 d - a wand of flame (38)
 r - a wand of roots (6)
Scrolls
 e - 2 scrolls of noise {unknown}
 f - 2 scrolls of fear {unknown}
 g - a scroll of enchant weapon
 n - 2 scrolls of amnesia
 o - 2 scrolls of teleportation
 t - a scroll of brand weapon {unknown}
 u - a scroll of vulnerability {unknown}
 x - a scroll of enchant armour
Potions
 m - a potion of haste {unknown}
 p - 2 potions of magic
 s - a potion of invisibility {unknown}
 w - a potion of flight {unknown}


   Skills:
 - Level 2.4 Dodging
 - Level 2.4 Stealth
 + Level 8.2 Spellcasting
 - Level 1.1 Transmutations
 + Level 7.3 Earth Magic


You had 12 spell levels left.
You knew the following spells:

 Your Spells              Type           Power      Damage    Failure   Level
a - Sandblast             Erth           100%       2d20      1%          1
b - Stone Arrow           Conj/Erth      64%        3d11      3%          3
c - Petrify               Tmut/Erth      35%        N/A       9%          4
z - Passwall              Tmut/Erth      29%        N/A       1%          2

Your spell library contained the following spells:

 Spells                   Type           Power      Damage    Failure   Level
 Dazzling Flash           Conj/Hex       22%        N/A       14%         3
 Summon Ice Beast         Ice/Summ       11%        N/A       43%         4
 Agony                    Necr           11%        N/A       80%         5
 Silence                  Hex/Air        5%         N/A       80%         5
 Summon Mana Viper        Hex/Summ       11%        N/A       80%         5
 Monstrous Menagerie      Summ           5%         N/A       100%        7
 Borgnjor's Revivificati  Necr           5%         N/A       100%        8
 Necromutation            Tmut/Necr      7%         N/A       100%        8
 Death's Door             Necr           5%         N/A       100%        9


Dungeon Overview and Level Annotations

Branches:
Dungeon (4/15)              Sewer (visited)
 Temple: D:4-7

Altars:
Okawaru
Yredelemnul

Shops:
D:4 [


Message History

Aiming: Sandblast (safe; 1% risk of failure)
Press: ? - help, Shift-Dir - straight line, f - orc priest
Aim: an orc priest, wielding a +0 whip and wearing a +0 leather armour (durably summoned, 85% to hit)
The blast of sand hits the orc priest.
The orc priest is moderately wounded.
The merfolk javelineer throws a silver javelin.
The silver javelin barely misses you. The orc priest misses you.
Casting: Sandblast (safe; 1% risk of failure)
Confirm with . or Enter, or press ? or * to list all spells.
Aiming: Sandblast (safe; 1% risk of failure)
Press: ? - help, Shift-Dir - straight line, f/p - orc priest
Aim: an orc priest, wielding a +0 whip and wearing a +0 leather armour (moderately wounded, durably summoned, 85% to hit)
The blast of sand hits the orc priest!!
You kill the orc priest!
That felt strangely unrewarding.
The merfolk javelineer throws a silver javelin.
The silver javelin completely misses you.
The merfolk javelineer throws a silver javelin.
The silver javelin barely misses you.
Casting: Sandblast (safe; 1% risk of failure)
Confirm with . or Enter, or press ? or * to list all spells.
Aiming: Sandblast (safe; 1% risk of failure)
Press: ? - help, Shift-Dir - straight line, f - merfolk javelineer
Aim: a merfolk javelineer, wielding a +0 spear, wearing a +0 leather armour and quivering silver javelins (durably summoned, 82% to hit)
The blast of sand hits the merfolk javelineer!
The merfolk javelineer is moderately wounded.
The merfolk javelineer throws a silver javelin.
The silver javelin pierces through you!
* * * LOW HITPOINT WARNING * * *
x2
Casting: Sandblast (safe; 1% risk of failure)
Confirm with . or Enter, or press ? or * to list all spells.
Aiming: Sandblast (safe; 1% risk of failure)
Press: ? - help, Shift-Dir - straight line, f/p - merfolk javelineer
Aim: a merfolk javelineer, wielding a +0 spear, wearing a +0 leather armour and quivering silver javelins (moderately wounded, durably summoned, 82% to hit)
The blast of sand hits the merfolk javelineer.
The merfolk javelineer is moderately wounded.
The merfolk javelineer throws a silver javelin.
The silver javelin pierces through you!!
Ouch! That really hurt!
You die...

#.#. .# #..
.# #.. .#
#.# .# #.#
.#
###.###.#
#.....รท.#
#.##.m[##
#.##..@#
#.###>.##
#.# #...#
####.#
#...#
#....#
#####
##.####
###...#####
#..>......#
#.#...###=#


You could see a merfolk javelineer.

Vanquished Creatures
  Grinder (D:3)
  A human (D:3)
  Pargi (Sewer)
  An orc warrior (D:4)
  A hound (D:2)
  4 orc priests (D:4)
  Crazy Yiuf (D:3)
  Ijyb (D:3)
  4 gnolls (D:2)
  8 adders
  A river rat (D:3)
  2 dart slugs (D:3)
  10 orcs
  9 ball pythons
  3 bats
  7 endoplasms
  A giant cockroach (D:1)
  9 goblins
  6 hobgoblins
  2 jackals (Sewer)
  A quokka (D:1)
  A frilled lizard (D:3)
  A goblin zombie (D:3)
  2 kobolds
  4 rats
82 creatures vanquished.

Notes
Turn   | Place    | Note
-------+----------+-------------------------------------------
     0 | D:1      | Heoruswealwe the Deep Elf Earth Elementalist began the
                  | quest for the Orb.
     0 | D:1      | Reached XP level 1. HP: 10/10 MP: 6/6
   130 | D:1      | Reached XP level 2. HP: 15/15 MP: 4/8
   135 | D:1      | Learned a level 2 spell: Passwall
   629 | D:2      | Reached skill level 4 in Spellcasting
   629 | D:2      | Reached XP level 3. HP: 19/19 MP: 10/10
   723 | D:2      | Reached XP level 4. HP: 24/24 MP: 12/12
   727 | D:2      | Learned a level 3 spell: Stone Arrow
   734 | D:2      | Learned a level 4 spell: Petrify
   964 | D:2      | Reached skill level 5 in Spellcasting
  1336 | D:3      | Identified the +8 hammer of Resourcefulness {holy, Int+6}
  1339 | D:3      | Found a runed translucent door.
  1340 | D:3      | Noticed Crazy Yiuf
  1346 | D:3      | Killed Crazy Yiuf
  1347 | D:3      | Reached skill level 5 in Earth Magic
  1347 | D:3      | Reached XP level 5. HP: 12/28 MP: 15/15
  1447 | D:3      | Noticed Ijyb
  1455 | D:3      | Killed Ijyb
  1530 | D:3      | Noticed Grinder
  1536 | D:3      | Killed Grinder
  1537 | D:3      | Reached skill level 6 in Spellcasting
  1537 | D:3      | Reached XP level 6. HP: 32/32 MP: 17/17
  1557 | D:3      | Reached skill level 7 in Spellcasting
  1597 | D:3      | Found a glowing drain.
  1607 | Sewer    | Entered a sewer
  1655 | Sewer    | Noticed Pargi
  1662 | Sewer    | Killed Pargi
  1663 | Sewer    | Reached XP level 7. HP: 30/36 MP: 19/19
  2147 | D:3      | Noticed a human
  2148 | D:3      | Found a runed translucent door.
  2151 | D:3      | Found a basalt altar of Yredelemnul.
  2224 | D:3      | Found a faded altar of an unknown god.
  2257 | D:3      | Prayed at the altar of an unknown god.
  2257 | D:3      | Became a worshipper of Warmaster Okawaru
  2257 | D:3      | Reached * piety under Okawaru
  2258 | D:3      | Fell from the grace of Okawaru
  2283 | D:3      | Killed a human
  2284 | D:3      | Reached skill level 8 in Spellcasting
  2802 | D:4      | Identified the +4 dagger of Megalomania {flame, Will+}
  2894 | D:4      | Found Oklum's Antique Armour Boutique.
  3030 | D:3      | Noticed a tengu warrior
  3030 | D:3      | Noticed a merfolk javelineer
  3030 | D:3      | Noticed a merfolk
  3030 | D:3      | Noticed a merfolk
  3035 | D:4      | Hit by a silver javelin thrown by a merfolk javelineer

Illustrated notes

Levels and vault maps discovered:
D:1:      dpeg_arrival_solitude, layout_basic, minmay_quantized
D:2:      layout_basic
D:3:      layout_loops_corners, dk_yredelemnul_ordeal,
          hellmonk_ecumenical_altar_run_dry, portal_sewer_entry_c, uniq_grinder,
          uniq_crazy_yiuf_cottage, uniq_ijyb
D:4:      layout_loops_ring, serial_shops, shop, kennysheep_another_room,
          patterned_corridor

Skill      XL: |  1  2  3  4  5  6  7 |
---------------+----------------------+-----
Spellcasting   | 4 5 6 7 8 |  8.2
Earth Magic    | 4 5 6 7 |  7.3
Dodging        | |  2.4
Stealth        | |  2.4
Transmutations | |  1.1

Action                   |  1- 3 |  4- 6 |  7- 9 || total
-------------------------+-------+-------+-------++-------
 Cast: Sandblast         |    36 |    52 |    45 ||   133
       Passwall          |       |     1 |     2 ||     3
Invok: Renounce Religion |       |       |     1 ||     1
  Use: Potion            |       |     1 |     4 ||     5
       Scroll            |       |       |     7 ||     7
Armor: Robe              |     2 |     6 |     8 ||    16
Dodge: Dodged            |     4 |     8 |    33 ||    45
